 Dungeon Crawl Stone Soup version 0.18-a0-1347-gb9e2fb4 (webtiles) character file.

108914 Lathuz the Severer (level 16, 117/117 HPs)
             Began as a Gargoyle Berserker on Feb 14, 2016.
             Was the Champion of Trog.
             Quit the game on level 1 of the Spider Nest on May 17, 2016.
             The game lasted 01:05:41 (26074 turns).

Lathuz the Severer (Gargoyle Berserker)            Turns: 26074, Time: 01:05:41

Health: 117/117    AC: 39    Str: 25      XL:     16   Next: 50%
Magic:  16/16      EV: 14    Int:  9      God:    Trog [******]
Gold:   459        SH:  2    Dex: 13 (14) Spells: 0 memorised, 15 levels left

rFire  . . .     SeeInvis .     z - +3 executioner's axe (freeze)
rCold  + . .     Gourm    .     M - +1 plate armour {rPois}
rNeg   + . .     Faith    .     (shield currently unavailable)
rPois  ∞         Spirit   .     T - +2 hat {rC+}
rElec  +         Dismiss  +     D - +0 cloak
rCorr  .         Reflect  .     R - +2 pair of gloves {Str+3}
SustAt .         Harm     .     s - +0 pair of boots
MR     +....                    y - amulet of dismissal
Stlth  ..........               K - ring of poison resistance
                                B - +6 ring of evasion

@: flying, somewhat resistant to hostile enchantments, extremely unstealthy
A: big wings, large bone plates 1, blink, negative energy resistance 1, robust
1, electricity resistance, unbreathing, petrification resistance, rot immunity,
AC +11
a: Stop Flying, Blink, Berserk, Trog's Hand, Brothers in Arms, Burn Spellbooks,
Renounce Religion


You were on level 1 of the Spider Nest.
You worshipped Trog.
Trog was exalted by your worship.
You were not hungry.

You visited 4 branches of the dungeon, and saw 22 of its levels.
You also visited: Ice Cave.

You collected 2096 gold pieces.
You spent 1637 gold pieces at shops.

Inventory:

Hand Weapons
 z - a +3 executioner's axe of freezing (weapon)
Armour
 s - a +0 pair of boots (worn)
 D - a +0 cloak (worn)
 E - a +0 plate armour of cold resistance
 M - a +1 plate armour of poison resistance (worn)
 R - a +2 pair of gloves of strength (worn)
 T - a +2 hat of cold resistance (worn)
Jewellery
 m - an uncursed ring of protection from fire
 v - an uncursed ring of see invisible
 y - an amulet of dismissal (around neck)
 B - a +6 ring of evasion (left hand)
 K - a ring of poison resistance (right hand)
Wands
 b - a wand of teleportation (7/9)
 H - a wand of flame (26/48)
Scrolls
 f - 2 scrolls of identify
 i - 7 scrolls of remove curse
 q - 3 scrolls of fear
 r - 5 scrolls of immolation
 u - 2 scrolls of recharging
 x - 9 scrolls of teleportation
 A - a scroll of enchant weapon {unknown}
 C - a scroll of enchant armour {unknown}
 G - a scroll of torment {unknown}
 J - 2 scrolls of blinking
 P - 2 scrolls of magic mapping {unknown}
 S - 2 scrolls of vulnerability {unknown}
 V - a scroll of fog
 X - a scroll of holy word {unknown}
Potions
 a - 5 potions of flight
 d - 7 potions of might
 e - 5 potions of degeneration
 g - 4 potions of cancellation
 h - 5 potions of agility
 j - 7 potions of curing
 k - 2 potions of cure mutation
 l - 2 potions of brilliance {unknown}
 p - 4 potions of heal wounds
 t - 4 potions of haste
 N - 4 potions of lignification
 O - a potion of mutation {unknown}
 Q - a potion of ambrosia {unknown}
Comestibles
 c - 4 bread rations
 n - 14 meat rations
 o - a beef jerky
 w - a royal jelly
 F - 8 slices of pizza


   Skills:
 + Level 14.7 Fighting
 * Level 19.1 Axes
 + Level 14.4 Armour
 - Level 1.5 Dodging


You had 15 spell levels left.
You didn't know any spells.

Dungeon Overview and Level Annotations

Branches:
Dungeon (10/15)            Temple (0/1) D:5            Lair (8/8) D:10
 Spider (2/4) Lair:3        Slime (0/6) Lair:8          Orc (2/2) D:10
    Elf (0/3) Orc:2
  Swamp: Lair:3-6    Shoals: Lair:3-6

Altars:
Dithmenos
Fedhas
Gozag
Makhleb
Okawaru
Qazlal
Yredelemnul
The Shining One
Jiyva

Shops:
D:5 (   Orc:2 !?:[

Portals:
Pandemonium: Orc:2


Innate Abilities, Weirdness & Mutations

You are resistant to torment.
Your stone body is resilient (AC +11).
You are immune to poison.
Your large and strong wings let you fly indefinitely.
You resist negative energy.
You are resistant to electric shocks.
You can survive without breathing.
You are immune to petrification.
You are immune to rotting.
You are partially covered in large bone plates (AC +2, SH +2).
You can translocate small distances at will.
You are robust (+10% HP).


Message History

You are too injured to fight recklessly!
You slash the jumping spider! You freeze the jumping spider.
You kill the jumping spider!
Trog accepts your kill.
You see here a jumping spider corpse.
There is a stone staircase leading down here.
You start resting.
You are feeling very hungry.
Eat which item? (? for menu, Esc to quit)
HP restored.
That guava was delicious!
Eat which item? (? for menu, Esc to quit)
Mmmm...
Yummy eggfruit.
You start waiting.
Done waiting.
Saving game... please wait.
Welcome back, Lathuz the Gargoyle Berserker.
Trog says: Kill them all!
Press ? for a list of commands and other information.
Are you sure you want to abandon this character and quit the game? (Confirm with "yes".)

##.....# ##....##
#...#..####......#
##..##...##...##..##
###...#..##..####..#
.....##.....###..#.##
......#.).^###......#
.###..##.####......##
.########## #..##..#
.<...#[...######@.##
...........## #...#
..##....#...###..##
######.##..###...#
....####..## #..#######
####### ....#.....#
#..#...#^## ##.....#
#...^....##
##........###.......
###..).###
###...#...#..#..##....
######[.#
##.##.###..##...##....#


There were no monsters in sight!

Vanquished Creatures
  A ghost moth (Spider:1)
  A frost giant (IceCv)
  The ghost of bl4d3 the Basher, a journeyman MiBe of Trog (Orc:2)
  A great orb of eyes (D:8)
  2 entropy weavers (Spider:1)
  3 hydras
  The ghost of chonchonts the Severer, a journeyman MiFi of Cheibriados (D:10)
  Erica (Lair:1)
  30 death yaks
  5 orc high priests (Orc:2)
  A fire crab (Lair:6)
  A gelid demonspawn (Orc:2)
  A hill giant (D:10)
  2 torturous demonspawn (Orc:2)
  Pikel (D:5)
  A putrid demonspawn (Orc:2)
  11 wolf spiders
  5 orb spiders (Spider:1)
  6 orc sorcerers (Orc:2)
  5 orc knights (Orc:2)
  A griffon (Lair:8)
  A guardian serpent (Lair:8)
  A moth of wrath (Spider:2)
  A sixfirhy (Orc:2)
  6 elephants (Lair:7)
  An ice statue (IceCv)
  13 black mambas
  2 torpor snails
  16 spiny frogs
  4 fire drakes
  12 komodo dragons
  5 demonic crawlers (Spider:1)
  25 polar bears
  3 trolls (Orc:2)
  7 jumping spiders (Spider:1)
  A boulder beetle (Lair:8)
  11 blink frogs
  14 redbacks
  A spriggan (Lair:4)
  11 tarantellas
  4 wyverns
  A shadow (D:8)
  48 yaks
  A human (D:8)
  9 hippogriffs
  A neqoxec (Orc:2)
  3 basilisks
  2 hungry ghosts
  A steam dragon (D:9)
  28 wolves
  4 wargs
  17 water moccasins
  10 porcupines
  15 black bears
  27 orc warriors
  2 phantoms
  6 ice beasts
  10 wasps
  2 necrophages
  13 ogres
  A sky beast (D:8)
  4 centaurs
  16 crocodiles
  A big kobold (D:8)
  16 giant frogs
  Blork the orc (D:4)
  A water moccasin zombie (D:8)
  2 scorpions
  2 water moccasin skeletons
  3 killer bees (D:8)
  2 vampire bats (Lair:8)
  A crimson imp (D:8)
  3 centaur zombies
  A wasp zombie (D:9)
  3 centaur skeletons
  24 orc priests
  5 hounds
  2 jellies
  11 orc wizards
  11 iguanas
  13 worker ants
  A killer bee zombie (D:10)
  15 sheep
  2 worker ant zombies
  11 gnolls
  25 adders
  53 river rats
  4 shadow imps
  12 white imps (Lair:4)
  2 adder skeletons
  An adder zombie (D:5)
  5 giant geckos
  71 orcs
  10 giant cockroaches
  4 goblins
  9 hobgoblins
  10 jackals
  11 kobolds
  2 quokkas
  19 bats
  A giant cockroach zombie (D:6)
  A giant gecko skeleton (D:7)
  6 giant newts
  8 rats
  A bush (Lair:3)
  7 fungi
  10 plants
844 creatures vanquished.

Vanquished Creatures (collateral kills)
  A hydra (Lair:6)
  A death yak (Lair:7)
  An orc knight (Orc:2)
  An orc sorcerer (Orc:2)
  2 wolf spiders (Spider:2)
  An elephant (Lair:7)
  A redback (Spider:2)
  A tarantella (Spider:2)
  A wolf (Lair:6)
  3 orc warriors
  An ogre (D:10)
  2 orc priests (D:10)
  An orc (D:10)
17 creatures vanquished.

Vanquished Creatures (others)
  A crimson imp (D:7)
  2 orc priests (D:5)
  A ball python skeleton (D:5)
  2 bushes (Lair:7)
  28 fungi
  18 plants
52 creatures vanquished.

Grand Total: 913 creatures vanquished

Notes
Turn   | Place    | Note
--------------------------------------------------------------
     0 | D:1      | Lathuz the Gargoyle Berserker began the quest for the Orb.
     0 | D:1      | Reached XP level 1. HP: 14/14 MP: 1/1
    79 | D:1      | Reached XP level 2. HP: 19/19 MP: 2/2
   577 | D:1      | Reached XP level 3. HP: 23/23 MP: 3/3
  1071 | D:2      | Reached ** piety under Trog
  1222 | D:2      | Reached XP level 4. HP: 26/29 MP: 4/4
  1661 | D:2      | Reached skill level 4 in Axes
  1801 | D:2      | Found a burning altar of Makhleb.
  1825 | D:2      | Reached XP level 5. HP: 20/33 MP: 5/5
  3127 | D:4      | Reached XP level 6. HP: 25/39 MP: 6/6
  3431 | D:4      | Noticed Blork the orc
  3445 | D:4      | Killed Blork the orc
  3445 | D:4      | Reached skill level 5 in Axes
  3997 | D:4      | Reached XP level 7. HP: 38/44 MP: 7/7
  4002 | D:4      | Reached skill level 5 in Fighting
  4282 | D:4      | Reached *** piety under Trog
  4478 | D:5      | Entered Level 5 of the Dungeon
  4492 | D:5      | Found a basalt altar of Yredelemnul.
  4492 | D:5      | Found a shadowy altar of Dithmenos.
  4492 | D:5      | Noticed Pikel
  4503 | D:5      | Killed Pikel
  4503 | D:5      | Reached skill level 6 in Axes
  4503 | D:5      | Reached skill level 5 in Armour
  4503 | D:5      | Reached XP level 8. HP: 51/51 MP: 8/8
  4504 | D:5      | Found a blossoming altar of Fedhas.
  4674 | D:5      | Reached skill level 7 in Axes
  4765 | D:5      | Found an opulent altar of Gozag.
  4795 | D:5      | Found Bishrim's Antique Weapon Shop.
  4933 | D:5      | Found a staircase to the Ecumenical Temple.
  5057 | D:5      | Found a stormy altar of Qazlal.
  5773 | D:6      | Reached XP level 9. HP: 56/56 MP: 9/9
  5776 | D:6      | Reached skill level 8 in Axes
  5862 | D:6      | Reached **** piety under Trog
  6959 | D:8      | Found an iron altar of Okawaru.
  7073 | D:8      | Reached skill level 9 in Axes
  7761 | D:8      | Reached XP level 10. HP: 64/64 MP: 10/10
  8181 | D:8      | Noticed a great orb of eyes
  8190 | D:8      | Paralysed by a great orb of eyes for 7 turns
  8217 | D:8      | Paralysed by a great orb of eyes for 6 turns
  8229 | D:8      | Killed a great orb of eyes
  8229 | D:8      | Reached skill level 10 in Axes
  8714 | D:9      | Reached ***** piety under Trog
  9605 | D:9      | Found a glowing golden altar of the Shining One.
  9714 | D:9      | Reached skill level 11 in Axes
  9824 | D:10     | Entered Level 10 of the Dungeon
  9834 | D:10     | Noticed chonchonts's ghost (journeyman MiFi)
  9847 | D:10     | Killed chonchonts's ghost
  9847 | D:10     | Reached XP level 11. HP: 71/71 MP: 11/11
  9893 | D:10     | Found a staircase to the Orcish Mines.
 10462 | D:10     | Reached skill level 12 in Axes
 10588 | D:10     | Noticed a hill giant
 10595 | D:10     | Killed a hill giant
 10860 | D:10     | Found a staircase to the Lair.
 11259 | Lair:1   | Entered Level 1 of the Lair of Beasts
 11312 | Lair:1   | Reached skill level 13 in Axes
 11812 | Lair:1   | Received a gift from Trog
 12023 | Lair:1   | Noticed Erica
 12033 | Lair:1   | Killed Erica
 12033 | Lair:1   | Reached skill level 14 in Axes
 12033 | Lair:1   | Reached XP level 12. HP: 76/76 MP: 12/12
 12527 | Lair:2   | Upgraded the game from 0.18-a0-1312-gf98331d to 0.18-a0-1323-g706dcef
 13708 | Lair:3   | Found a hole to the Spider Nest.
 13894 | Lair:3   | You fall through a shaft!
 14224 | Lair:4   | Received a gift from Trog
 14234 | Lair:4   | Reached skill level 15 in Axes
 14420 | Lair:4   | Reached skill level 10 in Fighting
 14497 | Lair:4   | Found a frozen archway.
 14533 | Lair:4   | Reached ****** piety under Trog
 14545 | IceCv    | Entered an ice cave
 14622 | IceCv    | Reached skill level 10 in Armour
 14624 | IceCv    | Reached XP level 13. HP: 81/83 MP: 13/13
 15233 | IceCv    | Noticed a frost giant
 15244 | IceCv    | Killed a frost giant
 16245 | Lair:4   | Reached skill level 16 in Axes
 16477 | Lair:5   | Received a gift from Trog
 17599 | Lair:6   | Gained mutation: Your large and strong wings let you fly indefinitely. [Gargoyle growth]
 17599 | Lair:6   | Reached XP level 14. HP: 58/91 MP: 14/14
 18734 | Lair:7   | Reached skill level 17 in Axes
 18880 | Lair:7   | Received a gift from Trog
 19543 | Lair:7   | Reached XP level 15. HP: 88/98 MP: 15/15
 20205 | Lair:8   | Entered Level 8 of the Lair of Beasts
 20393 | Lair:8   | Received a gift from Trog
 20641 | Lair:8   | Found a viscous altar of Jiyva.
 20642 | Lair:8   | Found a staircase to the Slime Pits.
 20848 | Lair:8   | Reached skill level 18 in Axes
 21066 | Lair:8   | Received a gift from Trog
 21684 | Orc:1    | Entered Level 1 of the Orcish Mines
 21965 | Orc:2    | Entered Level 2 of the Orcish Mines
 22160 | Orc:2    | Found a staircase to the Elven Halls.
 22323 | Orc:2    | Received a gift from Trog
 22483 | Orc:2    | Found Ceorrom's Distillery.
 22491 | Orc:2    | Found Nosiluc's Magic Scroll Shop.
 22499 | Orc:2    | HP: 4/100 [orc priest/nerve-wracking pain (2)]
 22767 | Orc:2    | Bought 2 potions of beneficial mutation for 980 gold pieces
 22767 | Orc:2    | Bought a potion of beneficial mutation for 490 gold pieces
 22767 | Orc:2    | Gained mutation: You can translocate small distances at will. [potion of beneficial mutation]
 22768 | Orc:2    | Gained mutation: You are partially covered in large bone plates (AC +2, SH +2). [potion of beneficial mutation]
 22769 | Orc:2    | Gained mutation: You are robust (+10% HP). [potion of beneficial mutation]
 22803 | Orc:2    | Upgraded the game from 0.18-a0-1323-g706dcef to 0.18-a0-1347-gb9e2fb4
 22805 | Orc:2    | Bought a scroll of random uselessness for 15 gold pieces
 22914 | Orc:2    | Received a gift from Trog
 23113 | Orc:2    | Reached XP level 16. HP: 109/116 MP: 16/16
 23129 | Orc:2    | Found Tiwofe's Antique Armour Shoppe.
 23129 | Orc:2    | Found a one-way gate leading to the halls of Pandemonium.
 23129 | Orc:2    | Found Veradug's Book Emporium.
 23131 | Orc:2    | Bought a pair of glowing gloves for 76 gold pieces
 23131 | Orc:2    | Bought a pair of runed gloves for 76 gold pieces
 23379 | Orc:2    | Noticed bl4d3's ghost (journeyman MiBe)
 23390 | Orc:2    | Killed bl4d3's ghost
 23582 | Spider:1 | Entered Level 1 of the Spider Nest
 24879 | Spider:1 | Reached skill level 19 in Axes
 25381 | Spider:1 | Received a gift from Trog
 26074 | Spider:1 | Quit the game

Vault maps used:
D:1:      erik_arrival_blinker_ship
D:2:      makhleb_heckhound_becter
D:4:      first_bread, uniq_blork_the_orc
D:5:      nicolae_gozag_cash_rules_everything_around_me,
          nicolae_overflow_quartered_altars, temple_doors_e, serial_shops,
          nicolae_shop_trees, uniq_pikel
D:7:      corner_web_ring
D:8:      okawaru_altar_gauntlet_db, serial_glass, glass_columns_a,
          glass_columns_a, grunt_livestock, minmay_three_doors
D:9:      basic_altar, st_stairs_8
D:10:     erik_lair_orcish_takeover, orc_0_dummy, kennysheep_generic_room_7
Lair:1:   beast_lair_carwin_large_4, infiniplex_staircase_pool, uniq_erica
Lair:2:   grunt_megastairs_3
Lair:3:   dummy_spider_entry, minivault_24, serial_bayou_lagoon_a,
          grunt_megastairs_2, lemuel_fruit_tree
Lair:4:   minmay_lair_venomous_thicket, portal_ice_cave_entry_imps,
          lab_entry_generic, grunt_forest_stairs_clearing, grunt_megastairs_5
Lair:6:   minmay_shoals_entry_lonely_mermaid, grunt_megastairs_4
Lair:7:   zaba_anthole
Lair:8:   hangedman_lair_tendril_chambers, slime_altar_1,
          minmay_stone_trees_small, roderic_batcave, infiniplex_staircase_pool_2
Spider:2: zaba_antful_of_joy, uniq_nikola, uniq_kirke, uniq_arachne
Orc:1:    mines4_lemuel
Orc:2:    pf_orc_diabolical
IceCv:    ice_cave_small_giant

Action                   |  1- 3 |  4- 6 |  7- 9 | 10-12 | 13-15 | 16-18 || total
-------------------------+-------+-------+-------+-------+-------+-------++-------
Melee: Hand axe          |    93 |       |       |       |       |       ||    93
       War axe           |     6 |   172 |    96 |       |       |       ||   274
       Broad axe         |       |       |   260 |   217 |       |       ||   477
       Battleaxe         |       |       |       |   468 |       |       ||   468
       Executioner's axe |       |       |       |    68 |  1004 |   261 ||  1333
Invok: Berserk           |       |     4 |     7 |    13 |    12 |     1 ||    37
       Burn Spellbooks   |       |       |     2 |     1 |     2 |       ||     5
       Brothers in Arms  |       |       |       |     2 |     3 |     1 ||     6
       Trog's Hand       |       |       |       |       |     3 |     2 ||     5
 Abil: Fly               |       |       |       |       |       |     1 ||     1
  Use: Scroll            |       |     5 |     4 |     7 |     8 |     4 ||    28
       Potion            |       |       |       |       |     3 |       ||     3
 Stab: Distracted        |       |       |     1 |       |       |       ||     1
  Eat: Chunk             |     1 |    10 |    17 |    35 |    32 |     2 ||    97
       Pizza             |       |     1 |       |       |     1 |     2 ||     4
       Beef jerky        |       |       |     1 |     5 |       |       ||     6
       Bread ration      |       |       |     1 |     4 |     2 |       ||     7
       Fruit             |       |       |       |       |       |     8 ||     8
